 Dungeon Crawl Stone Soup version 0.31-a0-233-g139696dc86 (webtiles) character file.

Game seed: 2329933890931673752

60 qw the Shooter (level 4, -16/26 HPs)
             Began as a Gargoyle Hexslinger on July 7, 2023.
             Demolished by an ogre
             ... wielding a +0 giant spiked club
              (28 damage)
             ... on level 3 of the Dungeon.
             The game lasted 00:00:39 (1441 turns).

qw the Shooter (Gargoyle Hexslinger)                Turns: 1441, Time: 00:00:40

Health: -16/26     AC:  8    Str: 11    XL:     4   Next: 6%
Magic:  5/5        EV: 10    Int: 14    God:
Gold:   148        SH:  0    Dex: 14    Spells: 4/5 levels left

rFire   . . .        Y - +1 sling
rCold   . . .        (no shield)
rNeg    + . .        a - +0 ring mail
rPois   inf          (no helmet)
rElec   +            (no cloak)
rCorr   .            (no gloves)
SInv    .            (no boots)
Will    .....        (no amulet)
Stlth   +            (no ring)
HPRegen 0.24/turn    (no ring)
MPRegen 0.09/turn

%: no passive effects
@: no status effects
A: sickness immunity, AC +3, negative energy resistance 1, electricity
resistance, torment resistance 1, petrification resistance
a: no special abilities


You were on level 3 of the Dungeon.
You visited 1 branch of the dungeon, and saw 3 of its levels.

You collected 148 gold pieces.


Innate Abilities, Weirdness & Mutations

You are immune to sickness and miasma.
Your stone body is resilient. (AC +3)
You are immune to poison.
You resist negative energy. (rN+)
You are resistant to electric shocks. (rElec)
You are resistant to unholy torment.
You are immune to petrification.


   Skills:
 - Level 2.0 Fighting
 + Level 3.9 Ranged Weapons
 - Level 1.5 Dodging
 - Level 1.0 Spellcasting
 - Level 2.6 Hexes


You had 4 spell levels left.
You knew the following spells:

 Your Spells              Type           Power      Damage    Failure   Level
a - Slow                  Hex            32%        N/A       22%         1

Your spell library contained the following spells:

 Spells                   Type           Power      Damage    Failure   Level
 Inner Flame              Hex/Fire       4%         N/A       73%         3
 Portal Projectile        Hex/Tloc       8%         N/A       73%         3
 Cause Fear               Hex            4%         N/A       91%         4

Inventory:

Hand Weapons
 Y - a +1 sling (weapon)
Armour
 a - a +0 ring mail (worn)
Scrolls
 b - a scroll of teleportation
Potions
 e - 2 potions of haste
 f - a potion of degeneration {unknown}
 g - a potion of resistance {unknown}
 h - a potion of heal wounds

Dungeon Overview and Level Annotations

Branches:
Dungeon (3/15)

Altars:


Message History

You kill the quokka!
You start resting.
HP restored.
A kobold comes into view.
It is wielding a +0 whip and quivering poisoned darts.
The kobold shouts!
You shoot a sling bullet.
The sling bullet hits the kobold but does no damage.
You shoot a sling bullet. The sling bullet hits the kobold.
You kill the kobold!
Things that are here:
a +0 whip; 4 poisoned darts; a kobold corpse You now have 148 gold pieces (gained 17).
An ogre comes into view. It is wielding a +0 giant spiked club.
The ogre shouts!
Enter note: You shoot a sling bullet.
The sling bullet barely misses the ogre.
You shoot a sling bullet. The sling bullet hits the ogre.
The ogre is moderately wounded.
You shoot a sling bullet. The sling bullet hits the ogre.
The ogre is moderately wounded.
The ogre closely misses you.
You shoot a sling bullet. The sling bullet hits the ogre.
The ogre is moderately wounded.
The ogre barely misses you.
You shoot a sling bullet. The sling bullet hits the ogre.
The ogre is heavily wounded.
The ogre hits you with a +0 giant spiked club!
You shoot a sling bullet.
The sling bullet hits the ogre but does no damage.
The ogre is heavily wounded.
The ogre hits you with a +0 giant spiked club.
You shoot a sling bullet. The sling bullet hits the ogre.
The ogre is heavily wounded.
The ogre barely misses you.
You shoot a sling bullet. The sling bullet hits the ogre.
The ogre is heavily wounded.
The ogre hits you with a +0 giant spiked club!!
Ouch! That really hurt!
You die...

#......#########
#..##.#.#
##.....#
#..##.#.#
###.###
#........ ##.##
#.......# #...##
#.)##(###
#.#.#.##
#..##.###
.....##.##
#..##....
#.....###.##
#..######
#..#......@#
#..#
#.#.###.##O#
#..# #.## #.#
#.# #.. # #.#
#.. ## ....
#####


You could see an ogre.

Vanquished Creatures
  2 adders
  3 bats (D:1)
  3 endoplasms
  2 giant cockroaches
  4 goblins
  3 hobgoblins
  3 jackals (D:1)
  3 quokkas
  5 ball pythons (D:1)
  6 kobolds
  5 rats
39 creatures vanquished.

Notes
Turn   | Place    | Note
-------+----------+-------------------------------------------
     0 | D:1      | qw the Gargoyle Hexslinger began the quest for the Orb.
     0 | D:1      | Reached XP level 1. HP: 12/12 MP: 2/2
     0 | D:1      | 0 ||| qw: Version: 0.3-a-46-gb1f654a
     0 | D:1      | 0 ||| qw: Game counter: 3064
     0 | D:1      | 0 ||| qw: Melee chars always use a shield: true
     0 | D:1      | 0 ||| qw: God list: Okawaru
     0 | D:1      | 0 ||| qw: Allow faded altars: false
     0 | D:1      | 0 ||| qw: Do Orc after clearing Dungeon:15 true
     0 | D:1      | 0 ||| qw: Do second Lair branch before Depths: true
     0 | D:1      | 0 ||| qw: Lair rune preference: random
     0 | D:1      | 0 ||| qw: Goals: Normal
     0 | D:1      | 0 ||| PLANNING D:1-11
   188 | D:1      | Reached XP level 2. HP: 16/16 MP: 3/3
   229 | D:1      | Reached skill level 3 in Ranged Weapons
   477 | D:1      | Found a faded altar of an unknown god.
   647 | D:1      | 647 ||| UPGRADING to +0 leather armour.
   657 | D:1      | 657 ||| DROPPING +0 robe.
   658 | D:1      | 658 ||| READING scroll labelled VOURPH VIRE.
   662 | D:1      | 662 ||| READING scroll labelled PUJ CAGGEFI.
   663 | D:1      | 663 ||| DRINKING 2 viscous purple potions.
   664 | D:1      | 664 ||| DRINKING 2 fizzy coppery potions.
   665 | D:1      | 665 ||| DROPPING scroll of poison.
   666 | D:1      | 666 ||| DROPPING potion of attraction.
   692 | D:2      | 692 ||| STAIRDANCE
   730 | D:2      | Reached XP level 3. HP: 21/21 MP: 4/4
  1206 | D:2      | 1206 ||| UPGRADING to +0 ring mail.
  1216 | D:2      | 1216 ||| DROPPING +0 leather armour.
  1217 | D:2      | 1217 ||| DROPPING +6 ring of intelligence.
  1218 | D:2      | 1218 ||| READING scroll labelled UNAIMI DEFUIL.
  1219 | D:2      | 1219 ||| DRINKING 2 sapphire potions.
  1220 | D:2      | 1220 ||| DRINKING 2 fizzy orange potions.
  1221 | D:2      | 1221 ||| DROPPING potion of brilliance.
  1328 | D:3      | Reached XP level 4. HP: 23/26 MP: 5/5
  1433 | D:3      | Noticed an ogre
  1441 | D:3      | Demolished by an ogre

Levels and vault maps discovered:
D:1:      sevenhm_arrival_forest_fort_large_2, layout_basic,
          hellmonk_ecumenical_altar_pennies_from_heaven
D:2:      cheibrodos_old_hovel, layout_rooms, serial_aquarium,
          aquarium_bridge_straight [aquarium_subvault_bridge,
          aquarium_subvault_wall, aquarium_subvault_bridge,
          aquarium_subvault_wall], aquarium_bridge_straight
          [aquarium_subvault_bridge, aquarium_subvault_wall,
          aquarium_subvault_bridge, aquarium_subvault_wall], aquarium_window_1,
          aquarium_window_corridor_1, aquarium_window_fake, aquarium_view_2e,
          aquarium_view_2c, aquarium_balcony_double_3, minmay_pentomino_q2
D:3:      layout_loops_ring, lemuel_coloured_pillars_altar, corexii_corridor_pit

Skill      XL: |  1  2  3 |
---------------+----------+-----
Ranged Weapons | 3 |  3.9
Fighting       | 2 |  2.0
Dodging        | |  1.5
Spellcasting   | |  1.0
Hexes          | |  2.6

Action                     |  1- 3 |  4- 6 || total
---------------------------+-------+-------++-------
   Fire: Sling             |   108 |    30 ||   138
    Use: Potion            |     4 |       ||     4
         Scroll            |     3 |       ||     3
 Armour: Robe              |     4 |       ||     4
         Leather armour    |     6 |       ||     6
         Ring mail         |     9 |     6 ||    15
  Dodge: Dodged            |    28 |    13 ||    41

Table legend:
 A = Non-vault XP
 B = Vault XP
 C = Vault XP percentage of total XP
 D = Non-vault monster count
 E = Vault monster count
 F = Vault count percentage of total count
                 A         B        C        D         E       F
            +---------+---------+-------+---------+---------+-------
      Total |      82 |       5 |   5.7 |      36 |       3 |   7.7
            +---------+---------+-------+---------+---------+-------
        D:1 |      33 |       0 |   0.0 |      21 |       0 |   0.0
        D:2 |      28 |       5 |  15.2 |       9 |       3 |  25.0
        D:3 |      21 |       0 |   0.0 |       6 |       0 |   0.0
            +---------+---------+-------+---------+---------+-------
